[Event "*** Titled Tuesday Blitz"]
[Site "Chess.com"]
[Date "2020.05.19"]
[Round "1"]
[White "InitiatingASC"]
[Black "giantslayer83"]
[Result "0-1"]
[WhiteElo "2363"]
[BlackElo "2682"]
[TimeControl "180+1"]
[EndTime "12:08:37 PDT"]
[Termination "giantslayer83 won by resignation"]

1. Nf3 d5 2. b3 Nf6 3. Bb2 g6 4. e3 Bg7 5. c4 c6 6. cxd5 cxd5 7. Be2 O-O 8. O-O Nc6 9. d3 Bg4 10. Nbd2 Re8 11. a3 e5 12. Rc1 Qe7 13. Re1 Rad8 14. Qc2 h5 15. Qb1 e4 16. Nd4 Nxd4 17. Bxd4 a6 18. b4 Bxe2 19. Rxe2 Ng4 20. Bxg7 Kxg7 21. Nf1 Qf6 22. d4 Rd7 23. Rec2 h4 24. h3 Nh6 25.
Rc7 Ree7 26. Rxd7 Rxd7 27. Qc2 Nf5 28. Qc8 Qe7 29. Qb8 Nd6 30. Rc5 Rd8 31. Qc7 Qxc7 32. Rxc7 Kf6 33. a4 Rc8 34. Rxc8 Nxc8 35. Nd2 Nb6 36.
a5 Nc8 37. Nb3 Ke7 38. Nc5 Nd6 39.
Kf1 Kd8 40. Ke2 Kc7 41. Kd2 Kc6 42. Kc2 f5 43. Ne6 Nf7 44. Nf4 g5 45. Ng6 Kd6 46.
Kb3 Nd8 47. Ka4 Ne6 48. b5 f4 49. Kb4 Kd7 50. Ne5+ Ke7 51. bxa6 bxa6 52. Nc6+ Kd6 53.
Ne5 Nd8 54. Ka4 Ke6 55. Kb4 Nb7 56. Nc6 Kd6 57. Nb8 f3 58. gxf3 exf3 59. Nxa6 g4 60. Nc5 Nxa5 61. Kxa5 gxh3 62. e4 h2 63. e5+ Ke7 64.
Nd3 h1=Q 65. Nb4 Qb1 66. Nxd5+ Ke6 67. Nb4 Qa1+ 68. Kb5 Qxd4 69. Nc6 Qd5+ 70. Kb6 h3 71. Kc7 h2 72. Nd8+ Kxe5 73. Nc6+ Kf6 74. Nb4 Qc5+ 75. Nc6 h1=Q 76. Kd7 0-1

[Event "*** Titled Tuesday Blitz"]
[Site "Chess.com"]
[Date "2020.05.19"]
[Round "1"]
[White "MariaFominykh"]
[Black "vovachesss"]
[Result "1-0"]
[WhiteElo "2361"]
[BlackElo "2609"]
[TimeControl "180+1"]
[EndTime "12:08:37 PDT"]
[Termination "MariaFominykh won on time"]

1. d4 d6 2. Nf3 Nd7 3. g3 e5 4.
Nc3 g6 5. Bg2 Bg7 6. O-O Ne7 7.
e4 O-O 8. h3 exd4 9. Nxd4 Nc6 10. Be3 Nb6 11. Nxc6 bxc6 12. Bd4 Bxd4 13. Qxd4 c5 14.
Qd1 Rb8 15. b3 Qf6 16. Qd2 Be6 17. a4 c4 18. Nb5 cxb3 19. cxb3 Bxb3 20. Nxc7 Nc4 21.
Qf4 Qxf4 22. gxf4 Rfc8 23. Nd5 Kf8 24. Nf6 Ke7 25. Nd5+ Kf8 26. Rfe1 Nb2 27. Nf6 Ke7 28. e5 dxe5 29. fxe5 Nd3 30. Re3 Nxe5 31. Nxh7 f6 32. f4 Rh8 33. Nxf6 Kxf6 34. fxe5+ Ke7 35. e6 Rhd8 36. Rc1 Kd6 37. Rce1 Re8 38. e7 Bxa4 39. Ra3 Bd7 40. Ra6+ Kc5 41. Rxa7 Bb5 42. Rc7+ Kb6 43. Rc3 Ka5 44. Rce3 Kb4 45. Bd5 Kc5 46. Bf7 Kd6 47.
Bxe8 Bxe8 48. Re6+ Kd7 49. R6e3 Rb6 50. Re5 Rf6 51.
R5e3 Rd6 52. Kf2 Rd4 53. Kg3 Rd5 54. Re4 Kd6 55. R4e3 Kd7 56. Re4 Kd6 57. Re6+ Kd7 58. Ra6 Rh5 59. Ra7+ Kd6 60. Ra8 Rh8 61. Rd8+ Kc7 62.
Rd4 Bd7 63. Rf4 Rxh3+ 64. Kg2 Rh5 65. Rf8 Rg5+ 66. Kf3 1-0

[Event "*** Titled Tuesday Blitz"]
[Site "Chess.com"]
[Date "2020.05.19"]
[Round "1"]
[White "Fandorine"]
[Black "OhanyanEminChess"]
[Result "1-0"]
[WhiteElo "2881"]
[BlackElo "2445"]
[TimeControl "180+1"]
[EndTime "12:08:38 PDT"]
[Termination "Fandorine won on time"]

1. e4 e5 2. Nf3 Nc6 3. Bc4 Nf6 4. d3 d5 5. exd5 Nxd5 6. O-O Be6 7. Ng5 Bc5 8. Nxe6 fxe6 9. Nc3 O-O 10. Ne4 Bb6 11.
Qg4 Qd7 12. c3 Rae8 13. Bd2 Nce7 14. Rad1 Ng6 15. g3 c6 16. h4 Kh8 17. Qh5 Qf7 18. Nd6 Qd7 19. Nxe8 Qxe8 20. Rde1 Qf7 21.
Be3 Bc7 22. Qg4 Nge7 23. Bc5 b6 24. Bxe7 Qxe7 25. Bxd5 exd5 26. Kg2 Qf7 27. d4 exd4 28. cxd4 Bd8 29. Re6 c5 30. dxc5 bxc5 31. f4 Bf6 32. b3 Qb7 33. Qf3 Rd8 34. Rfe1 Qd7 35. Qe3 h5 36.
Re8+ Kh7 37. Rxd8 Qxd8 38. Qxc5 Qd7 39. Qc2+ Kh6 40. Qd3 d4 41. Qf3 Qc7 42. Re2 Qc1 43. Qd3 Qa1 44. Re8 g6 45. Re2 Qc1 46. Rd2 Qc6+ 47.
Qf3 Qd7 48. Re2 Qb5 49. Rd2 Qc5 50. Qd3 Qc7 51. Kh2 Qc6 52. Rc2 Qd6 53. Rc4 Qb6 54. f5 g5 55. hxg5+ Kxg5 56. Qd2+ Kxf5 57. Qf2+ Kg6 58.
Qf3 Qe6 59. Rc6 Qe5 60. Qd3+ Kg5 61. Qd2+ Kg6 62. Qc2+ Kg5 63. Rc5 1-0

[Event "*** Titled Tuesday Blitz"]
[Site "Chess.com"]
[Date "2020.05.19"]
[Round "1"]
[White "ajkom197"]
[Black "viviania"]
[Result "0-1"]
[WhiteElo "2373"]
[BlackElo "2772"]
[TimeControl "180+1"]
[EndTime "12:08:40 PDT"]
[Termination "viviania won by checkmate"]

1. d4 Nf6 2. Nf3 g6 3. Bf4 d6 4. e3 Nh5 5. Bg5 h6 6. Bh4 g5 7.
Nfd2 Ng7 8. Bg3 Nf5 9. Bd3 Bg7 10. c4 Nxg3 11. hxg3 c5 12. Nb3 Nc6 13. Be4 cxd4 14. Bxc6+ bxc6 15. exd4 a5 16. Nc3 a4 17. Nc1 c5 18. dxc5 a3 19. Rb1 axb2 20. N1e2 Qa5 21. Qc2 Qxc5 22. O-O Qxc4 23. Rxb2 O-O 24. Re1 Be6 25. Rb7 Rfc8 26. Rc1 Rc7 27. Rxc7 Qxc7 28. Qe4 Rb8 29. Nd5 Qb7 30. Ndc3 Qxe4 31. Nxe4 Bxa2 32. Rc7 Kf8 33. N2c3 Be6 34. Nd2 Rc8 35. Rxc8+ Bxc8 36. Nb5 Bd7 37. Na3 d5 38. Kf1 e6 39. Ke2 Ke7 40.
Kd3 Kd6 41. f3 Kc5 42. Nc2 Bb5+ 43. Ke3 Bc4 44. g4 Be5 45. Nb1 Bf4+ 46. Kf2 Bd3 47.
Nba3 d4 48. g3 Bd2 49. f4 gxf4 50. gxf4 Bxf4 51. Kf3 e5 52. Kf2 e4 53. Ke1 Bg5 54.
Kd1 e3 55. Ke1 Bh4+ 56. Kd1 Be4 57. Nb1 e2+ 58. Kd2 Bxc2 59. Kxc2 e1=Q 60. g5 Bxg5 61.
Na3 Qc3+ 62. Kb1 Qb3+ 63. Ka1 Qxa3+ 64. Kb1 Qb3+ 65. Ka1 Qc3+ 66. Kb1 d3 67. Ka2 Kb4 68. Kb1 Qc2+ 69. Ka1 Bf6# 0-1

[Event "*** Titled Tuesday Blitz"]
[Site "Chess.com"]
[Date "2020.05.19"]
[Round "1"]
[White "ajian"]
[Black "MikeKorovin"]
[Result "0-1"]
[WhiteElo "2329"]
[BlackElo "2628"]
[TimeControl "180+1"]
[EndTime "12:08:42 PDT"]
[Termination "MikeKorovin won by resignation"]

1. d4 Nf6 2. c4 e6 3. Nc3 Bb4 4. Qc2 O-O 5. a3 Bxc3+ 6. Qxc3 d5 7. Bg5 h6 8. Bh4 b6 9. Nf3 dxc4 10. Qxc4 Ba6 11. Qa4 Qd7 12. Qc2 Nc6 13. e3 Bxf1 14.
Rxf1 Rac8 15. Bxf6 gxf6 16. Ke2 Ne7 17. Rfd1 Qb5+ 18.
Qd3 Qxb2+ 19. Kf1 c5 20. Rdb1 c4 21. Rxb2 cxd3 22. Ne1 Rc3 23. Rd2 Rfc8 24. Rxd3 Nd5 25. Ke2 Rxd3 26. Kxd3 Rc3+ 27. Kd2 Rb3 28. Kc2 Rc3+ 29.
Kd2 Rc7 30. Rc1 Rxc1 31. Kxc1 Kf8 32. Nd3 Ke7 33. Kc2 Kd6 34. Kb3 a6 35. Kc4 Ne7 36. Nb4 b5+ 37. Kb3 a5 38. Nd3 e5 39.
Kc3 Nd5+ 40. Kb3 Nb6 41. Kc3 Na4+ 42. Kb3 exd4 43. exd4 Kd5 44. Nf4+ Kxd4 45. Nh5 Nc5+ 46. Kc2 Ke5 47. Ng3 Ne4 48. Nh1 b4 49. f3 Nc5 50.
axb4 axb4 51. Nf2 f5 52. Kb2 Kd4 53. Kc2 Ke3 54. Nd1+ Ke2 55. Kc1 Nd3+ 56. Kc2 b3+ 57. Kxb3 Kxd1 58. Kc3 Ke2 59. g4 fxg4 60. fxg4 Ne5 61. h3 Kf3 62. Kd4 Nxg4 63. hxg4 Kxg4 64. Ke5 Kg3 65. Kf6 h5 66. Kg5 h4 67. Kf6 h3 68.
Kxf7 h2 69. Kf6 h1=Q 70. Kg6 Qd5 0-1

[Event "*** Titled Tuesday Blitz"]
[Site "Chess.com"]
[Date "2020.05.19"]
[Round "1"]
[White "AminMolaei"]
[Black "WanderingPuppet"]
[Result "1-0"]
[WhiteElo "2604"]
[BlackElo "2310"]
[TimeControl "180+1"]
[EndTime "12:08:43 PDT"]
[Termination "AminMolaei won by resignation"]

1. d4 Nf6 2. c4 g6 3. Nc3 Bg7 4. e4 O-O 5. Be2 d6 6. Nf3 Nbd7 7.
O-O e5 8. Be3 Ng4 9. Bg5 f6 10.
Bd2 Nh6 11. h3 Nf7 12. Rc1 Bh6 13. Bxh6 Nxh6 14. Qd2 Nf7 15. Rfd1 Kg7 16. b4 f5 17. exf5 gxf5 18. dxe5 Ndxe5 19. c5 Be6 20. Nd4 Qf6 21. Nxe6+ Qxe6 22. Nd5 Rac8 23. Nf4 Qe7 24. Rc3 dxc5 25.
Rg3+ Kh8 26. bxc5 Qxc5 27. Ne6 Qd6 28. Nxf8 Qxd2 29. Rxd2 Rxf8 30. Rc3 c6 31. f4 Ng6 32. g3 Re8 33. Kf2 Re7 34. Bc4 Kg7 35. h4 Nf8 36. Re3 Rc7 37. a4 b6 38. h5 Nh6 39. Be2 a6 40.
Re8 Nf7 41. Bxa6 Ra7 42. Bc8 Nh6 43. Rdd8 Ng4+ 44. Ke2 Rxa4 45. Rxf8 Ra2+ 46. Kd3 Ra3+ 47. Kc2 Rxg3 48. Rg8+ Kf6 49. Rdf8+ Ke7 50. Re8+ Kd6 51. Bxf5 Ne3+ 52. Rxe3 Rxg8 53. Re6+ Kd5 54. Rh6 Rf8 55.
Be6+ Kd4 56. f5 c5 57. Rxh7 c4 58. Rd7+ Ke3 59. h6 Kf4 60. h7 Rh8 61. Bg8 Ke5 62.
Rf7 b5 63. Kc3 Kd6 64. f6 Kc6 65. Rf8 Kc5 66. Rc8+ Kb6 67. f7 b4+ 68. Kxb4 Rxh7 69. Bxh7 1-0

[Event "*** Titled Tuesday Blitz"]
[Site "Chess.com"]
[Date "2020.05.19"]
[Round "1"]
[White "Last7Samurai"]
[Black "kintoho"]
[Result "1/2-1/2"]
[WhiteElo "2827"]
[BlackElo "2439"]
[TimeControl "180+1"]
[EndTime "12:08:44 PDT"]
[Termination "Game drawn - insufficient material"]

1. e4 c6 2. d4 d5 3. e5 Bf5 4.
Nf3 e6 5. Be2 h6 6. O-O Nd7 7.
Nbd2 Ne7 8. Nb3 a5 9. a4 Nc8 10. Bd2 b6 11. c4 Be7 12. Rc1 Na7 13. Re1 O-O 14. Be3 Bb4 15. Bd2 Qe7 16. Bc3 Rfc8 17. Qd2 Bxc3 18. Rxc3 Qb4 19. cxd5 cxd5 20. Rxc8+ Rxc8 21.
Qxb4 axb4 22. Rc1 Rxc1+ 23. Nxc1 Kf8 24. Kf1 Ke7 25. Ke1 Kd8 26. Kd2 Kc7 27. Na2 Nc6 28. Bb5 b3 29. Nc1 Na5 30. Kc3 Bc2 31. Ne1 Bg6 32. Nxb3 Nxb3 33. Kxb3 f6 34. f4 fxe5 35. fxe5 Nb8 36. Kc3 Nc6 37. Bxc6 Kxc6 38. b4 Be8 39.
Nd3 Kc7 40. a5 Kc6 41. axb6 Kxb6 42. Nc5 Bf7 43. Kb3 Kb5 44. Nb7 Bg6 45. Nd6+ Kb6 46. g4 Bd3 47. Kc3 Be2 48. h3 Bf1 49. h4 g5 50. hxg5 hxg5 51. Nf7 Be2 52. Nh6 Kb5 53. Nf7 Bxg4 54. Nxg5 Bf5 55. Nf7 Kb6 56. Nd6 Bh3 57. Kd2 Bf1 58. Ke3 Kc6 59. Kf4 Bh3 60. Kg5 Bg2 61.
Kf6 Bh3 62. Ke7 Bg4 63. Kd8 Bh3 64. Kc8 Bg4 65. Kb8 Kb6 66. Kc8 Kc6 67. Kd8 Bh3 68.
Ke8 Bg4 69. Ke7 Bh3 70. Nf7 Kb5 71. Ng5 Bg4 72. Nxe6 Kxb4 73. Ng7 Kc4 74. Kf6 Kxd4 75. Nf5+ Ke4 76. Nd6+ Kf4 77. e6 Bxe6 78. Kxe6 d4 79.
Kd5 d3 80. Nc4 Kf3 81. Ne5+ Ke3 82. Nxd3 1/2-1/2

[Event "*** Titled Tuesday Blitz"]
[Site "Chess.com"]
[Date "2020.05.19"]
[Round "1"]
[White "Baby_Shak"]
[Black "Stronger1799"]
[Result "1-0"]
[WhiteElo "2603"]
[BlackElo "2302"]
[TimeControl "180+1"]
[EndTime "12:08:45 PDT"]
[Termination "Baby_Shak won on time"]

1. d4 Nf6 2. Bf4 g6 3. Nc3 d5 4. e3 Bg7 5. h4 h5 6. Nf3 O-O 7. Ne5 c5 8. Qd2 Nc6 9. O-O-O cxd4 10. exd4 Ne4 11. Nxe4 dxe4 12. Bc4 Nxe5 13. dxe5 Bg4 14. Qxd8 Rfxd8 15. Rxd8+ Rxd8 16. Re1 Kf8 17. c3 Bf5 18. Rd1 Rxd1+ 19. Kxd1 Bd7 20. Kd2 Bc6 21. Ke3 f6 22. Bb3 Ke8 23. Bc2 f5 24. Bb3 Bd7 25. Bd5 b6 26. e6 Bc8 27. Bb8 a6 28. Bc7 b5 29. Bf4 Bf6 30. g3 Kd8 31. Kd2 Bg7 32. b3 Bf6 33. c4 Bd4 34. Ke2 bxc4 35. bxc4 Bc5 36. Bd2 Bd4 37. Ba5+ Ke8 38. Bb4 Kf8 39. c5 Kg7 40. c6 Kf6 41. Bc4 Bxe6 42. Bxa6 Bxa2 43.
c7 Be6 44. c8=Q Bxc8 45. Bxc8 Bb2 46. Bd2 e6 47. Bg5+ Kf7 48. Bd7 Be5 49. Bb5 Bd4 50. Bc4 Bc5 51. Be3 Bd6 52. Bd4 Ke7 53. Ke3 Kf7 54.
Bb6 Be5 55. Bc5 Bc7 56. Kd4 Kf6 57. Kc3 Be5+ 58. Bd4 Bxd4+ 59. Kxd4 e5+ 60. Ke3 g5 61. Be2 f4+ 62. Kxe4 fxg3 63. hxg5+ Kxg5 64. fxg3 h4 65. g4 h3 66. Kf3 Kh4 67. Kf2 e4 68. Bd1 h2 69.
Kg2 1-0

[Event "*** Titled Tuesday Blitz"]
[Site "Chess.com"]
[Date "2020.05.19"]
[Round "1"]
[White "kleopl"]
[Black "KuzubovYuriy"]
[Result "0-1"]
[WhiteElo "2372"]
[BlackElo "2707"]
[TimeControl "180+1"]
[EndTime "12:08:46 PDT"]
[Termination "KuzubovYuriy won by resignation"]

1. c4 e5 2. Nc3 Bb4 3. Nd5 Bc5 4. Nf3 c6 5. Nc3 d6 6. e3 Qe7 7. a3 Bb6 8. Be2 Nf6 9. d4 e4 10. Nd2 d5 11. Qb3 Be6 12. O-O O-O 13. f3 exf3 14.
Nxf3 dxc4 15. Bxc4 Bxc4 16. Qxc4 Nbd7 17. Bd2 Ne4 18.
Rae1 Rae8 19. Qd3 f5 20. Na4 Qe6 21. Bb4 Rf7 22. Nxb6 axb6 23. Re2 h6 24. Nd2 Nxd2 25.
Bxd2 Qe4 26. Qxe4 fxe4 27. Ref2 Rxf2 28. Rxf2 Rf8 29. Re2 Nf6 30. Be1 Nd5 31. Bg3 b5 32. Be5 g6 33. Bd6 Rf6 34. Be5 Rf5 35. Bg3 Kf7 36. Bf2 h5 37. Rc2 Ke6 38. Re2 Rf8 39.
Rc2 b4 40. a4 b3 41. Rc4 Kd7 42. h3 Ra8 43. Kf1 Nb6 44. Rb4 Nd5 45. Rxb7+ Ke6 46. Rxb3 Rxa4 47. Ra3 Rc4 48. Ke2 Rc2+ 49. Ke1 Rxb2 50.
Ra8 Nb4 51. Re8+ Kf7 52. Rxe4 Nd3+ 53. Kf1 Rxf2+ 54. Kg1 Rf6 55. g4 Re6 56. Rxe6 Kxe6 57.
gxh5 gxh5 58. Kg2 Kf5 59. Kf3 Ne1+ 60. Ke2 Nc2 61. Kd3 Nb4+ 62. Kc4 Nd5 63. Kd3 Nf6 64.
Kc4 Ke4 65. Kc5 Kxe3 66. Kxc6 Kf3 67. d5 Kg3 68. d6 Kxh3 69. Kc5 Ne4+ 70. Kd5 Nxd6 71.
Kxd6 Kg2 0-1

[Event "*** Titled Tuesday Blitz"]
[Site "Chess.com"]
[Date "2020.05.19"]
[Round "1"]
[White "Rud_Makarian"]
[Black "FeketeBarika"]
[Result "1/2-1/2"]
[WhiteElo "2559"]
[BlackElo "2276"]
[TimeControl "180+1"]
[EndTime "12:08:47 PDT"]
[Termination "Game drawn - insufficient material"]

1. d4 e6 2. c4 Nf6 3. Nf3 d5 4. Nc3 Be7 5. Bf4 O-O 6. e3 Nbd7 7. a3 c5 8. cxd5 Nxd5 9. Nxd5 exd5 10. dxc5 Nxc5 11.
Be5 Bf6 12. Bxf6 Qxf6 13. Qd4 Qxd4 14. Nxd4 Bg4 15. f3 Bh5 16. Kd2 Rac8 17. b4 Na4 18.
Bd3 Nb2 19. Rac1 Bg6 20. Be2 Nc4+ 21. Bxc4 dxc4 22. Kc3 a6 23. e4 b5 24. g4 h5 25. h3 Rfd8 26. Rcd1 hxg4 27. hxg4 f6 28. Rd2 a5 29. Rhd1 axb4+ 30. axb4 Bf7 31. Nxb5 Rd3+ 32.
Rxd3 cxd3+ 33. Kd4 Rc4+ 34. Kxd3 Rxb4 35. Nc3 Rb2 36.
Rd2 Rb8 37. Ke3 Be6 38. Nd5 Kf7 39. Kf4 g5+ 40. Kg3 Rb3 41. Rc2 Bxd5 42. exd5 Rd3 43. Rc7+ Ke8 44. Rc6 Ke7 45. Rc7+ Kd6 46. Rf7 Ke5 47.
Re7+ Kxd5 48. Re8 Ra3 49. Kf2 Kd6 50. Re4 Rb3 51. Ke2 Ra3 52. Kf2 Rb3 53. Re8 Ra3 54. Kg3 Rb3 55. Rf8 Ke7 56. Rc8 Ke6 57. Rc6+ Kf7 58. Kf2 Ke7 59. Ke2 Ra3 60. Rb6 Rc3 61. Rb4 Ra3 62. Rd4 Kf7 63. Rd5 Rb3 64. Rf5 Ke6 65. Rc5 Ra3 66. Rc6+ Kf7 67. Rd6 Ke7 68.
Rd3 Rxd3 69. Kxd3 Kd7 70. Kd4 Kd6 71. Ke4 Ke6 72. f4 gxf4 73. Kxf4 Ke7 74. g5 fxg5+ 75. Kxg5 1/2-1/2

[Event "*** Titled Tuesday Blitz"]
[Site "Chess.com"]
[Date "2020.05.19"]
[Round "1"]
[White "Misticpikachu"]
[Black "kleinebeer98"]
[Result "1/2-1/2"]
[WhiteElo "2375"]
[BlackElo "2684"]
[TimeControl "180+1"]
[EndTime "12:08:48 PDT"]
[Termination "Game drawn - insufficient material"]

1. c4 Nf6 2. Nc3 e5 3. g3 d5 4. cxd5 Nxd5 5. Bg2 Nb6 6. Nf3 Nc6 7. O-O Be7 8. a3 a5 9. d3 O-O 10. Be3 Be6 11. Rc1 a4 12. Ne4 Bb3 13. Qd2 Nd7 14. Nc5 Nxc5 15. Bxc5 Bd5 16. Qe3 Re8 17. Bxe7 Qxe7 18.
Qc5 Qd7 19. Nd2 Bxg2 20. Kxg2 f5 21. Rfd1 h6 22. Nf3 Qf7 23. d4 e4 24. Ne5 Nxe5 25. dxe5 Re7 26. f4 exf3+ 27. exf3 f4 28. g4 Rae8 29.
Re1 Rd8 30. Rcd1 Rxd1 31. Rxd1 Re8 32. Qb5 c6 33. Qxa4 Rxe5 34. Rd8+ Kh7 35. Qc2+ g6 36. Qd2 Rd5 37. Rxd5 cxd5 38. Qd4 h5 39. gxh5 gxh5 40. Qe5 Qg6+ 41. Kf2 Qc2+ 42. Qe2 Qc5+ 43. Kg2 Qb6 44. Qd3+ Kg7 45. Qxd5 Qxb2+ 46. Kh3 Qxa3 47. Qxb7+ Kf6 48. Qc6+ Kg5 49. Qd5+ Kh6 50. Qe4 Qf8 51.
Qe6+ Kh7 52. Kh4 Qc5 53. Qf7+ Kh6 54. Qxf4+ Kg6 55. Qe4+ Kh6 56. Qe6+ Kh7 57. f4 Qf2+ 58. Kxh5 Qxh2+ 59. Kg5 Qg3+ 60. Qg4 Qxg4+ 61. Kxg4 Kg6 62. f5+ Kf6 63. Kf4 Kf7 64. Kg5 Kg7 65. f6+ Kf7 66.
Kf5 Kf8 67. Ke6 Ke8 68. f7+ Kf8 69. Kd7 Kxf7 1/2-1/2

[Event "*** Titled Tuesday Blitz"]
[Site "Chess.com"]
[Date "2020.05.19"]
[Round "1"]
[White "KingChess345"]
[Black "szachuspl"]
[Result "0-1"]
[WhiteElo "2211"]
[BlackElo "2534"]
[TimeControl "180+1"]
[EndTime "12:08:48 PDT"]
[Termination "szachuspl won by checkmate"]

1. d4 Nf6 2. Nf3 g6 3. g3 Bg7 4. Bg2 O-O 5. O-O d6 6. c4 Nbd7 7.
Nc3 e5 8. e4 c6 9. h3 Qe7 10. Be3 Re8 11. Qc2 a6 12. a4 a5 13.
Kh2 exd4 14. Nxd4 Nc5 15. Rfe1 h5 16. Rad1 h4 17. g4 Nh7 18. f4 Ne6 19. Qf2 Nxd4 20. Bxd4 Bxd4 21. Qxd4 g5 22. Qxd6 Qxd6 23. Rxd6 gxf4 24.
Rf1 Be6 25. b3 Nf8 26. Rxf4 Ng6 27. Rf2 Ne5 28. Rfd2 Kg7 29. Kg1 Ra6 30. Kf2 Rb6 31. Nb5 Rc8 32. c5 Ra6 33. Nd4 Re8 34. Ke3 Raa8 35.
Bf1 Re7 36. Kf4 Ng6+ 37. Ke3 Rae8 38. Nxe6+ Rxe6 39. Rxe6 Rxe6 40. Rd7 Re7 41. Rxe7 Nxe7 42. Kf4 Kf6 43. g5+ Kg6 44. Bd3 f6 45. gxf6 Kxf6 46. e5+ Ke6 47. Bc4+ Kd7 48. Kg4 Ng6 49. Kf5 Ne7+ 50.
Kg5 Ke8 51. e6 Ng8 52. Kxh4 Ke7 53. Kg5 Nf6 54. Kg6 Ne4 55. h4 Nxc5 56. h5 b5 57. h6 bxc4 58. h7 Nxe6 59. h8=Q cxb3 60. Qb2 Nc5 61. Qe5+ Kd7 62. Qxc5 b2 63. Qc3 b1=Q+ 64.
Kf6 Qb4 65. Qd3+ Qd6+ 66. Qxd6+ Kxd6 67. Kf5 Kd5 68. Kf4 Kd4 69. Kf3 Kd3 70. Kf2 Kd2 71. Kf3 c5 72. Ke4 c4 73. Kd4 c3 74. Kc5 c2 75. Kb5 c1=Q 76. Kxa5 Qb2 77. Ka6 Kc3 78.
a5 Kc4 79. Ka7 Kc5 80. a6 Kc6 81. Ka8 Kc7 82. a7 Qb7# 0-1

[Event "*** Titled Tuesday Blitz"]
[Site "Chess.com"]
[Date "2020.05.19"]
[Round "1"]
[White "Pittiplatsh"]
[Black "imdarealist"]
[Result "1-0"]
[WhiteElo "2544"]
[BlackElo "2228"]
[TimeControl "180+1"]
[EndTime "12:08:50 PDT"]
[Termination "Pittiplatsh won by resignation"]

1. e4 e5 2. Nf3 Nf6 3. Nxe5 d6 4. Nc4 Nxe4 5. Qe2 Qe7 6. Ne3 Nf6 7. b3 Bd7 8. Bb2 c6 9. g3 d5 10. Bg2 Qe6 11.
c4 dxc4 12. bxc4 Bb4 13. O-O O-O 14. d4 Re8 15. Nc3 Qe7 16. a3 Ba5 17. Qd3 Qd6 18. Rad1 Be6 19. d5 cxd5 20. cxd5 Bd7 21. Nc4 Qa6 22.
Nxa5 Qxa5 23. Rfe1 Na6 24. d6 Nc5 25. Qd4 Bg4 26.
f3 Bf5 27. Re7 Ne6 28. Qb4 Qxb4 29. axb4 Rad8 30. Rxe8+ Nxe8 31. g4 Bc2 32. Rd2 Bb3 33.
Ne4 Ba4 34. Nc5 Bc6 35. Nxe6 fxe6 36. Be5 Nf6 37. Kf2 Nd5 38. Kg3 Nxb4 39. h4 Nd5 40. f4 a5 41. f5 Kf7 42. fxe6+ Kxe6 43. Re2 Kf7 44. Rf2+ Ke6 45. Re2 Kf7 46. h5 a4 47.
g5 g6 48. h6 a3 49. Bh3 Bd7 50. Rf2+ Kg8 51. Bg2 Bc6 52. Ra2 Nb6 53. Bxc6 Nc4 54. Bd5+ Kf8 55. Bxc4 Ke8 56. Rf2 Kd7 57. Bb5+ Ke6 58. Re2 Kd5 59. Bf4 Kc5 60. Bd3 Kd4 61. Bb1 Kc3 62. Rc2+ Kb3 63. Rd2 b5 64. Ba2+ Kc3 65.
d7 b4 66. Bc7 Rxd7 67. Rxd7 b3 68. Bxb3 Kxb3 69. Be5 a2 70. Bf6 Kc2 71. Rc7+ Kd3 72. Ra7 Ke4 73. Rxa2 Kf5 74. Ra7 Ke6 75. Rxh7 Kf5 76.
Rg7 Ke6 77. Rxg6 Kf5 78. Rg7 Ke6 79. h7 Kf5 80. h8=Q Ke6 1-0

[Event "*** Titled Tuesday Blitz"]
[Site "Chess.com"]
[Date "2020.05.19"]
[Round "1"]
[White "Shahinyan_ChessMood"]
[Black "Kostya26"]
[Result "1/2-1/2"]
[WhiteElo "2657"]
[BlackElo "2364"]
[TimeControl "180+1"]
[EndTime "12:08:51 PDT"]
[Termination "Game drawn by repetition"]

1. e4 c5 2. Nc3 Nc6 3. g3 g6 4.
Bg2 Bg7 5. d3 e6 6. Be3 d6 7. Qd2 Nd4 8. Nd1 h5 9. c3 Nc6 10. h3 Nge7 11. Ne2 b6 12. O-O Bb7 13. d4 cxd4 14. cxd4 d5 15. e5 Qd7 16. Ndc3 Ba6 17. f4 Nf5 18. Bf2 O-O-O 19. Rfc1 Kb8 20. Rab1 Nb4 21. Rd1 Nd3 22. Be3 Nb4 23. a3 Nc6 24. b4 Bc4 25. Rdc1 Nxe3 26. Qxe3 Ne7 27. Qd2 Nf5 28.
Kf2 Rc8 29. a4 a6 30. b5 a5 31.
Ng1 Rc7 32. Nd1 Rhc8 33. Ne3 Nxe3 34. Qxe3 Bf8 35. Bf1 Be7 36. Nf3 Bxf1 37. Kxf1 Rxc1+ 38. Rxc1 Rxc1+ 39. Qxc1 Qc7 40. Qxc7+ Kxc7 41. Ke2 Kd7 42. Ke3 Bd8 43. Nh2 Be7 44. g4 hxg4 45. hxg4 Bh4 46. Nf3 Be7 47. f5 Ba3 48. fxg6 Bc1+ 49.
Kd3 fxg6 50. Nh4 g5 51. Nf3 Bf4 52. Ne1 Kc7 53. Ke2 Bc1 54. Nd3 Ba3 55. Kd2 Be7 56.
Kc2 Kd7 57. Ne1 Kc7 58. Nf3 Kd7 59. Kd3 Ke8 60. Ke3 Kf7 61. Ng1 Kg6 62. Ne2 Kf7 63.
Ng3 Ba3 64. Nh5 Bc1+ 65. Kd3 Ba3 66. Nf6 Be7 67. Nd7 Bd8 68. Nb8 Ke8 69. Nc6 Bc7 70. Ke3 Kd7 71. Kf3 Ke8 72. Ke3 Kd7 73. Na7 Ke8 74.
Nc6 1/2-1/2

[Event "*** Titled Tuesday Blitz"]
[Site "Chess.com"]
[Date "2020.05.19"]
[Round "1"]
[White "NIGWAPO"]
[Black "agrigo3"]
[Result "1/2-1/2"]
[WhiteElo "2565"]
[BlackElo "2287"]
[TimeControl "180+1"]
[EndTime "12:08:54 PDT"]
[Termination "Game drawn - insufficient material"]

1. e4 d6 2. Nc3 Nf6 3. d4 g6 4.
Be3 c6 5. Bd3 Nbd7 6. h3 b5 7.
a3 Nb6 8. Nf3 Qc7 9. Qe2 a6 10.
O-O Bg7 11. e5 Nfd5 12. exd6 exd6 13. Bh6+ Kf8 14. Qd2 Nxc3 15. bxc3 Be6 16. Rfe1 Re8 17. Ng5 Kg8 18. Bxg7 Kxg7 19. Qf4 Nd5 20. Qf3 Qd7 21.
c4 Nb6 22. cxb5 axb5 23. Re3 Bd5 24. Qf4 h6 25. Ne4 Bxe4 26. Bxe4 d5 27. Bd3 Rxe3 28. fxe3 Nc4 29. Rf1 Re8 30. Rf3 Qe6 31. Bxc4 bxc4 32. Qc7 Re7 33. Qb6 Qd7 34. a4 Qb7 35. Qd8 Qc7 36.
Qxc7 Rxc7 37. Rf1 Ra7 38. Ra1 Ra5 39. Kf2 f5 40. Kf3 Kf6 41. Ke2 Ke6 42. Kd2 Kd6 43. Kc3 c5 44. h4 g5 45. hxg5 hxg5 46. g3 Kc6 47. dxc5 Kxc5 48. Rf1 Rxa4 49. Rxf5 Ra3+ 50.
Kd2 g4 51. Rg5 Ra1 52. Rxg4 Rg1 53. Rg8 Rg2+ 54. Kc3 Re2 55. Re8 Rg2 56. Rg8 Re2 57. Re8 Rg2 58. Re5 Kd6 59. Rg5 Re2 60. Kd4 Rd2+ 61.
Kc3 Re2 62. Rg6+ Kc5 63. Re6 Rg2 64. Rg6 Re2 65. Re6 Rg2 66. e4 Rxg3+ 67. Kd2 dxe4 68. Rxe4 Rg2+ 69. Kc3 Rg3+ 70. Kb2 Rg2 71. Rh4 Kb4 72. Rh3 Kb5 73. Kc3 Rg5 74. Re3 Rf5 75. Kd4 Rf4+ 76. Kd5 Rh4 77. c3 Rg4 78. Re4 Rg8 79. Re5 Rd8+ 80.
Ke4+ Kc6 81. Ke3 Rd3+ 82. Ke2 Rxc3 83. Kd2 Ra3 84. Kc2 Rh3 85. Rg5 Rf3 86. Kb2 Rh3 87.
Kc2 Rf3 88. Rg4 Re3 89. Rxc4+ Kd5 90. Rh4 Rf3 91. Kd2 Rg3 92. Ke2 Ra3 93. Rh5+ Kd4 94. Rh4+ Kd5 95. Rg4 Ra2+ 96. Ke3 Ra3+ 97. Kf2 Ra2+ 98.
Kg3 Ra3+ 99. Kh4 Rd3 100. Kg5 Rd4 101. Rg2 Kc4 102. Kf5 Rd5+ 103. Ke4 Rd4+ 104. Ke3 Rd3+ 105. Ke4 Rd4+ 106. Ke5 Rd5+ 107. Ke6 Rd3 108. Rg4+ Kc3 109. Ke5 Rd1 110. Re4 Rd3 111. Kf4 Kd2 112. Ke5 Kc3 113. Kf4 Rd4 114. Rxd4 Kxd4 1/2-1/2

[Event "*** Titled Tuesday Blitz"]
[Site "Chess.com"]
[Date "2020.05.19"]
[Round "1"]
[White "pollo2016"]
[Black "allvim"]
[Result "1-0"]
[WhiteElo "2572"]
[BlackElo "2275"]
[TimeControl "180+1"]
[EndTime "12:08:55 PDT"]
[Termination "pollo2016 won by resignation"]

1. d4 Nf6 2. c4 e6 3. Nc3 Bb4 4.
Bg5 d5 5. cxd5 exd5 6. e3 O-O 7. Bd3 h6 8. Bh4 c6 9. Ne2 Re8 10. O-O Nbd7 11. Qc2 Bd6 12. h3 a6 13. Rad1 Qc7 14.
a3 Be7 15. f3 c5 16. Bf5 cxd4 17. Nxd4 Nb6 18. Bxc8 Raxc8 19. Nf5 Nc4 20. Kh1 Nxb2 21.
Qxb2 Qxc3 22. Qxb7 Qc7 23. Qxa6 Qc6 24. Qxc6 Rxc6 25.
Rc1 Ra6 26. Rc8 Kf8 27. Rfc1 Ra8 28. Rxe8+ Rxe8 29. a4 Ra8 30. Rc7 Bd8 31. Rb7 g5 32. Bg3 Nh5 33. Be5 f6 34. Bd6+ Kg8 35. Nxh6+ Kh8 36.
Nf7+ Kg8 37. Nxd8 Rxd8 38. g4 Rxd6 39. gxh5 Ra6 40. Rb4 Kh7 41. h4 Kh6 42. hxg5+ fxg5 43. Kg2 Kxh5 44. Kg3 Ra5 45. Rd4 Ra6 46. Rxd5 Rxa4 47. f4 Ra3 48. Rxg5+ Kh6 49. Kf3 Ra1 50. Re5 Rf1+ 51.
Ke4 Ra1 52. Rc5 Ra4+ 53. Ke5 Kg6 54. e4 Kf7 55. Rc6 Ra5+ 56. Kd4 Ra4+ 57. Kd5 Ra5+ 58. Rc5 Ra4 59. Ke5 Rb4 60. f5 Rb7 61. Kf4 Rb4 62. Ke5 Rb7 63. Ra5 Re7+ 64. Kf4 Rb7 65. Kg5 Rc7 66. e5 Kg7 67. Ra6 Kf7 68. Rh6 Kg7 69. f6+ Kg8 70. e6 Rc5+ 71. Kg6 Rc1 72. f7+ Kf8 73. Rh8+ 1-0